 Dungeon Crawl Stone Soup version 0.28.0 (webtiles) character file.

Game seed: 12366584779667341226

7227 shoop the Basher (level 11, -2/91 HPs)
             Began as an Ogre Hunter on Feb 13, 2022.
             Was a Follower of Hepliaklqana.
             Succumbed to a killer bee's poison
             ... on level 8 of the Dungeon.
             The game lasted 00:22:21 (13102 turns).

shoop the Basher (Ogre Hunter)                     Turns: 13102, Time: 00:22:22

Health: -2/91      AC: 13    Str: 26    XL:     11   Next: 12%
Magic:  11/11      EV: 10    Int: 14    God:    Hepliaklqana [*.....]
Gold:   452        SH:  5    Dex:  9    Spells: 10/10 levels left

rFire   . . .      SeeInvis .   b - +0 whip (venom)
rCold   . . .      Faith    .   (no shield)
rNeg    . . .      Spirit   .   K - +0 steam dragon scales
rPois   .          Reflect  +   (helmet restricted)
rElec   .          Harm     .   J - +2 cloak
rCorr   .          Rampage  .   (gloves unavailable)
Will    +....                   (boots unavailable)
Stlth   +.........              h - amulet of reflection
HPRegen 0.25/turn               m - +6 ring of strength
MPRegen 0.12/turn               B - +4 ring of protection

@: lethally poisoned (-2 -> -20)
A: reduced essence, large, unfitting armour, tough skin 1
a: Renounce Religion, Recall Ancestor, Ancestor Identity


You were on level 8 of the Dungeon.
You worshipped Hepliaklqana.
Hepliaklqana was aware of your devotion.
You visited 2 branches of the dungeon, and saw 10 of its levels.

You collected 472 gold pieces.
You spent 20 gold pieces at shops.

Inventory:

Hand Weapons
 a - a +3 morningstar
 b - a +0 whip of venom (weapon)
 H - a +0 giant spiked club
 M - a +0 giant club
Missiles
 c - 5 large rocks
 d - 4 throwing nets
 g - 405 stones
 k - 18 poisoned darts (quivered)
 o - 9 boomerangs
 N - 2 curare-tipped darts
Armour
 u - a +0 robe
 w - a +2 robe of positive energy
 J - a +2 cloak (worn)
 K - +0 steam dragon scales (worn)
Jewellery
 h - an amulet of reflection (around neck)
 m - a +6 ring of strength (left hand)
 s - a ring of protection from fire
 B - a +4 ring of protection (right hand)
 C - a ring of resist corrosion
 P - an amulet of magic regeneration
 R - a ring of wizardry
Wands
 G - a wand of acid (4)
 O - a wand of iceblast (7)
Scrolls
 f - a scroll of blinking {unknown}
 i - 4 scrolls of identify {unknown}
 l - 2 scrolls of noise {unknown}
 n - a scroll of fog
 p - a scroll of fear {unknown}
 t - 2 scrolls of silence {unknown}
 v - a scroll of amnesia {unknown}
 y - 2 scrolls of brand weapon {unknown}
 D - 2 scrolls of magic mapping {unknown}
 E - 2 scrolls of teleportation {unknown}
 I - a scroll of enchant weapon {unknown}
 L - a scroll of vulnerability {unknown}
Potions
 e - 2 potions of cancellation {unknown}
 j - 2 potions of lignification {unknown}
 q - 3 potions of mutation {unknown}
 r - 3 potions of might {unknown}
 x - 6 potions of curing {unknown}
 z - 4 potions of invisibility {unknown}
 A - 3 potions of heal wounds {unknown}
 F - 4 potions of flight {unknown}
 Q - a potion of attraction {unknown}


   Skills:
 - Level 5.0 Fighting
 + Level 14.1 Maces & Flails
 - Level 5.0 Throwing
 - Level 2.0 Dodging
 - Level 1.0 Stealth
 - Level 3.0 Evocations


You had 10 spell levels left.
You didn't know any spells.
Your spell library contained the following spells:

 Spells                   Type           Power      Damage    Failure   Level
 Animate Skeleton         Necr           0%         N/A       28%         1
 Apportation              Tloc           0%         N/A       28%         1
 Foxfire                  Conj/Fire      0%         2x1d4     28%         1
 Pain                     Necr           0%         1d4       28%         1
 Summon Small Mammal      Summ           0%         N/A       28%         1
 Scorch                   Fire           0%         2d5       41%         2
 Sublimation of Blood     Necr           0%         N/A       41%         2
 Conjure Flame            Conj/Fire      0%         6-21      65%         3
 Frozen Ramparts          Ice            0%         1d2       65%         3
 Gell's Gravitas          Tloc           0%         N/A       65%         3
 Inner Flame              Hex/Fire       0%         N/A       65%         3
 Lesser Beckoning         Tloc           0%         N/A       65%         3
 Teleport Other           Tloc           0%         N/A       65%         3
 Vampiric Draining        Necr           0%         2d6       65%         3
 Animate Armour           Summ/Erth      0%         N/A       96%         4
 Flame Wave               Conj/Fire      0%         2d4       96%         4
 Ice Form                 Ice/Tmut       0%         N/A       96%         4
 Petrify                  Tmut/Erth      0%         N/A       96%         4
 Summon Ice Beast         Ice/Summ       0%         N/A       96%         4
 Blade Hands              Tmut           0%         N/A       100%        5
 Freezing Cloud           Conj/Ice/Air   0%         6-21      100%        5
 Irradiate                Conj/Tmut      0%         3d13      100%        5
 Iron Shot                Conj/Erth      0%         9d1       100%        6
 Simulacrum               Ice/Necr       0%         N/A       100%        6
 Summon Cactus Giant      Summ           0%         N/A       100%        6
 Polar Vortex             Ice            0%         N/A       100%        9


Dungeon Overview and Level Annotations

Branches:
Dungeon (9/15)             Temple (1/1) D:6
   Lair: D:8-11         Orc: D:9-12

Altars:
Ashenzari
Cheibriados
Dithmenos
Elyvilon
Fedhas
Gozag
Hepliaklqana
Kikubaaqudgha
Makhleb
Nemelex Xobeh
Okawaru
Qazlal
Ru
Sif Muna
Trog
Uskayaw
Vehumet
Wu Jian
Xom
Yredelemnul
Zin
The Shining One

Shops:
D:2 *   D:9 (

Portals:
Bailey: D:9

Annotations:
D:4 2 transporters, jfcaron's ghost, amateur BaSu
D:9 Joseph


Innate Abilities, Weirdness & Mutations

Your life essence is reduced to manifest your ancestor. (-10% HP)
You are too large for most types of armour.
You have tough skin. (AC +1)


Message History

The killer bee goes berserk!
The queen bee calls on the killer bee to defend it!
The killer bee goes berserk!
The killer bee stings you but does no damage. x2
The killer bee moves out of view.
Unknown command.
You feel sick.
The killer bee closely misses Wolf.
The killer bee rages. x2
The killer bee stings you but does no damage.
The killer bee barely misses Wolf.
The killer bee stings you!
* * * LOW HITPOINT WARNING * * *
You are more poisoned.
The killer bee poisons you! The killer bee barely misses you.
Unknown command.
Unknown command.
You feel very sick.
The killer bee rages.
The killer bee misses you.
The killer bee stings you but does no damage. x2
The killer bee rages.
You block the killer bee's attack. The killer bee barely misses you.
There is a stone staircase leading up here.
Unknown command.
Unknown command.
Unknown command.
You feel sick. The killer bee barely misses you. The killer bee stings you.
* * * LOW HITPOINT WARNING * * *
You are more poisoned.
The killer bee poisons you! The killer bee closely misses you.
The killer bee barely misses you. You block the killer bee's attack.
The killer bee closely misses you. The killer bee stings you.
* * * LOW HITPOINT WARNING * * *
You block the killer bee's attack.
The killer bee stings you but does no damage. x2
Wolf misses the killer bee.
The killer bee stings you.
* * * LOW HITPOINT WARNING * * *
The killer bee stings you but does no damage.
You hear an angry buzzing noise.
You climb upwards.
You die...

##.......##
#######.
#.........##
#...#
##..........#
##..#
##...........##
#...
#.............#
#...
#.............##
##..
##(.............#
#..
#.......y.......#
##.
#.......y@y.....#
#.
#.......yyy.....#
#.
##...........####
## ###.(...#####
#######


You could see 6 killer bees.

Vanquished Creatures
  Harold (D:7)
  Maggie (D:6)
  A wyvern (D:8)
  12 yaks
  2 steam dragons
  Edmund (D:5)
  A water moccasin (D:7)
  A black bear (D:7)
  2 orc warriors
  A necrophage (D:5)
  5 ogres
  A sky beast (D:6)
  5 centaurs
  2 kobold brigands
  Blork the orc (D:4)
  2 bullfrogs
  A scorpion (D:7)
  A water moccasin zombie (D:7)
  6 killer bees (D:9)
  3 wights (D:7)
  A howler monkey (D:4)
  2 centaur zombies
  2 jellies
  6 hounds
  2 orc priests
  A bullfrog skeleton (D:5)
  3 gnoll shamans
  An iguana (D:6)
  6 orc wizards
  2 hound skeletons (D:4)
  A howler monkey zombie (D:8)
  8 gnolls
  7 adders
  2 white imps
  2 dart slugs
  36 orcs
  5 bats
  11 endoplasms
  4 giant cockroaches
  12 goblins
  5 hobgoblins
  8 kobolds
  5 quokkas
  9 ball pythons
  A rat (D:1)
192 creatures vanquished.

Vanquished Creatures (collateral kills)
  3 yaks
  A centaur (D:8)
  2 ogres (D:7)
  A bullfrog (D:8)
  A howler monkey (D:8)
  A gnoll shaman (D:7)
  An orc wizard (D:8)
  4 gnolls (D:7)
  A white imp (D:7)
  An orc (D:8)
  A goblin (D:9)
  2 kobolds (D:8)
19 creatures vanquished.

Vanquished Creatures (others)
  4 ancestors
  5 fungi (D:7)
  3 plants (D:7)
12 creatures vanquished.

Grand Total: 223 creatures vanquished

Notes
Turn   | Place    | Note
-------+----------+-------------------------------------------
     0 | D:1      | shoop the Ogre Hunter began the quest for the Orb.
     0 | D:1      | Reached XP level 1. HP: 22/22 MP: 1/1
   448 | D:1      | Reached skill level 1 in Stealth
   448 | D:1      | Reached XP level 2. HP: 10/31 MP: 2/2
   876 | D:1      | Found a faded altar of an unknown god.
  1217 | D:1      | Reached XP level 3. HP: 33/37 MP: 3/3
  2466 | D:2      | Found Hoskaoto's General Store.
  2474 | D:2      | Bought a scroll of fog for 20 gold pieces
  2992 | D:3      | Reached XP level 4. HP: 32/48 MP: 4/4
  3407 | D:3      | Reached skill level 5 in Throwing
  3409 | D:3      | Reached XP level 5. HP: 39/55 MP: 5/5
  3668 | D:3      | Reached skill level 1 in Maces & Flails
  4020 | D:4      | Found a transporter.
  4030 | D:4      | Reached skill level 5 in Fighting
  4178 | D:4      | Noticed jfcaron's ghost (amateur BaSu)
  4188 | D:4      | Found a transporter.
  4202 | D:4      | Reached skill level 2 in Maces & Flails
  4332 | D:4      | Noticed Blork the orc
  4345 | D:4      | HP: 1/57 [Blork the orc/puff of frost (7)]
  4348 | D:4      | Killed Blork the orc
  4349 | D:4      | Reached skill level 3 in Maces & Flails
  4349 | D:4      | Reached XP level 6. HP: 2/66 MP: 6/6
  4827 | D:4      | Found a sacrificial altar of Ru.
  4845 | D:4      | Reached skill level 4 in Maces & Flails
  5465 | D:5      | Entered Level 5 of the Dungeon
  5525 | D:5      | Noticed Edmund
  5612 | D:5      | Noticed an ice beast
  5632 | D:5      | Noticed a necrophage
  5656 | D:5      | Killed a necrophage
  5657 | D:5      | Reached skill level 5 in Maces & Flails
  5657 | D:5      | Reached XP level 7. HP: 72/72 MP: 7/7
  5995 | D:5      | Killed Edmund
  5996 | D:5      | Reached skill level 6 in Maces & Flails
  5996 | D:5      | Reached skill level 1 in Evocations
  6048 | D:5      | Reached XP level 8. HP: 28/80 MP: 8/8
  7047 | D:6      | Found a staircase to the Ecumenical Temple.
  7056 | Temple   | Entered the Ecumenical Temple
  7326 | Temple   | Became a worshipper of Hepliaklqana the Forgotten
  7791 | D:6      | Reached skill level 7 in Maces & Flails
  8199 | D:6      | Noticed Maggie
  8575 | D:6      | Killed Maggie
  8576 | D:6      | Reached skill level 8 in Maces & Flails
  8576 | D:6      | Reached XP level 9. HP: 21/88 MP: 9/9
  9056 | D:7      | Reached skill level 9 in Maces & Flails
  9156 | D:7      | Reached * piety under Hepliaklqana
  9753 | D:7      | Reached skill level 10 in Maces & Flails
 10164 | D:7      | Reached skill level 11 in Maces & Flails
 10238 | D:7      | Noticed Harold
 10270 | D:7      | Killed Harold
 10271 | D:7      | Reached XP level 10. HP: 68/86 MP: 10/10
 10471 | D:7      | Reached skill level 12 in Maces & Flails
 11337 | D:8      | Reached skill level 13 in Maces & Flails
 11971 | D:8      | Reached XP level 11. HP: 80/91 MP: 11/11
 12491 | D:8      | Reached skill level 14 in Maces & Flails
 12700 | D:8      | Found an iron altar of Okawaru.
 12919 | D:9      | Found a flagged portal.
 13004 | D:9      | Noticed Joseph
 13024 | D:9      | Found Gyban's Weapon Boutique.
 13101 | D:9      | HP: 4/91 [killer bee (3)]
 13102 | D:8      | Succumbed to a killer bee's poison

Illustrated notes

Levels and vault maps discovered:
D:1:      dpeg_arrival_pits, layout_loops_cross,
          hellmonk_ecumenical_altar_arch_garden, minmay_box_of_dots
D:2:      layout_basic, serial_shops, shop, patterned_corridor
D:3:      layout_basic
D:4:      layout_basic, gammafunk_ghost_stat_death, minmay_ruined_shrine,
          uniq_blork_the_orc
D:5:      layout_loops_cross, serial_glass, glass_columns_a, glass_columns_c,
          item_on_display_b, due_unseen_surprise, hangedman_glass_teeth,
          uniq_edmund
D:6:      layout_basic, minmay_temple_entry_drinking_statues, uniq_maggie
D:7:      kennysheep_seaside_town, layout_basic, serial_bayou_pond_a,
          moated_statue, uniq_harold
D:8:      layout_cave_pods, okawaru_altar_gauntlet_db, kennysheep_another_room,
          kennysheep_dice
D:9:      layout_long_grid, serial_shops, nicolae_shop_bloodbath_and_beyond,
          enter_bailey_5, special_room [special_room_bee],
          kennysheep_cross_room, uniq_joseph
Temple:   compressed_dpeg_triangle_lava_temple

Skill      XL: |  1  2  3  4  5  6  7  8  9 10 11 |
---------------+----------------------------------+-----
Fighting       | 3 4 5 |  5.0
Stealth        | 1 |  1.0
Dodging        | 2 |  2.0
Throwing       | 5 |  5.0
Maces & Flails | 3 5 6 8 11 13 14 | 14.1
Evocations     | 1 3 |  3.0

Action                   |  1- 3 |  4- 6 |  7- 9 | 10-12 || total
-------------------------+-------+-------+-------+-------++-------
Melee: Short sword       |   170 |    19 |       |       ||   189
       Mace              |       |    71 |    19 |     3 ||    93
       Punch             |       |     2 |     3 |     6 ||    11
       Whip              |       |   123 |   344 |   172 ||   639
       Morningstar       |       |       |       |    83 ||    83
Throw: Stone             |    60 |    11 |    12 |     7 ||    90
       Large rock        |     1 |     2 |     2 |       ||     5
       Throwing net      |       |     1 |       |       ||     1
       Dart              |       |       |    13 |     6 ||    19
 Stab: Sleeping          |     3 |     2 |     2 |     1 ||     8
       Distracted        |       |       |     1 |       ||     1
Armor: Robe              |    59 |    47 |    50 |       ||   156
       Steam dragon scal |       |       |    45 |    72 ||   117
Dodge: Dodged            |    88 |   102 |   106 |    69 ||   365
Block: Other             |    37 |    50 |    58 |    34 ||   179
       Reflection        |     2 |       |     2 |     3 ||     7
